AoeStats
← Vanvanbman

Arabia

507664264Analyzed
1v1 RM · 12d ago on Sep 19, 2026· 44m 56s· 2 players
Game mode
Random Map
Map size
Tiny (2 player)
Population
200
Speed
Normal
Resources
Standard
Victory
Conquest
Starting age
Dark Age
Ending age
Imperial Age
RankedLock teamsTeams togetherTeam positionsShared explorationLock speedFull tech treeHidden civsTurbo modeCheats
Victory
Defeat
🇨🇦 Portuguese · Canada
1064
+16
🇦🇺 Britons · Australia
1072
-16
Lean
7:20 Loom
9:38 Feudal Age
10:08 Double-Bit Axe
11:51 Horse Collar
20:43 Castle Age
19:21 Fletching
20:11 Wheelbarrow
20:18 Bloodlines
21:16 Scale Barding Armor
23:24 Husbandry
23:53 Bow Saw
24:50 Town Watch
25:51 Forging
29:27 Iron Casting
30:22 Chain Barding Armor
30:22 Bodkin Arrow
30:15 Elite Skirmisher
31:33 Hand Cart
33:05 Ballistics
33:55 Padded Archer Armor
35:25 Leather Archer Armor
36:28 Light Cavalry
40:24 Imperial Age
38:09 Gold Mining
40:35 Heavy Plow
41:30 Town Patrol
41:32 Bracer
42:53 Chemistry
41:43 Cavalier
43:25 Plate Barding Armor
44:20 Ring Archer Armor
45:23 Two-Man Saw
46:01 Blast Furnace
Vanvanbman
7:48 Loom
10:06 Feudal Age
13:52 Double-Bit Axe
14:32 Fletching
14:35 Horse Collar
17:34 Wheelbarrow
24:04 Castle Age
22:52 Padded Archer Armor
24:08 Crossbowman
24:58 Bodkin Arrow
25:22 Pikeman
26:03 Squires
28:33 Leather Archer Armor
28:19 Gold Mining
29:15 Ballistics
33:42 Forging
33:33 Scale Mail Armor
34:46 Hand Cart
34:44 Bow Saw
34:37 Heavy Plow
36:53 Elite Skirmisher
41:10 Imperial Age
39:40 Yeomen
42:02 Bracer
42:36 Ring Archer Armor
41:48 Arbalester
Connection lost

Rejoining the realm…

Still unreachable

The connection could not be restored.

Session expired

The server has moved on; the page needs a fresh start.